 Dungeon Crawl Stone Soup version 0.32-a0-391-gce5c0aab1b (webtiles) character file.

Game seed: 3933585879487687910

659 Zeldest the Slasher (level 7, -7/46 (54) HPs)
             Began as a Coglin Gladiator on Feb 19, 2024.
             Was an Initiate of Beogh.
             Mangled by a wight
             ... wielding a +4 mace
              (10 damage)
             ... on level 6 of the Dungeon.
             The game lasted 00:03:57 (3750 turns).

Zeldest the Slasher (Coglin Gladiator)              Turns: 3750, Time: 00:03:57

HP:   -7/46 (54)    AC:  6    Str: 20    XL:     7   Next: 55%
MP:   8/8           EV: 13    Int: 10    God:    Beogh [......]
Gold: 132           SH:  0    Dex: 17    Spells: 6/6 levels left

rFire   . . .        y - +7 whip of Duymn {venom, Int+2 SInv Stlth+}
rCold   . . .        x - +1 short sword (speed) {Cyneburga}
rNeg    . . .        k - +0 ring mail
rPois   .            e - +0 helmet
rElec   .            (no cloak)
rCorr   .            (no gloves)
SInv    +            (no boots)
Will    .....        (no amulet)
Stlth   ++           q - +6 ring of strength
HPRegen 0.27/turn    (no ring)
MPRegen 0.11/turn

%: no passive effects
@: heavily drained, stiff-legged, very slow
A: off-hand wielding, slow wielding, warmup strikes, warmup strides
a: Renounce Religion


You were on level 6 of the Dungeon.
You worshipped Beogh.
Beogh was noncommittal.
You visited 1 branch of the dungeon, and saw 6 of its levels.

You collected 132 gold pieces.

Inventory:

Hand Weapons
 a - a +0 long sword {Sebastián}
 n - a +0 dagger of venom
 x - a +1 short sword of speed (worn) {Cyneburga}
 y - the +7 whip of Duymn (weapon) {venom, Int+2 SInv Stlth+}
   (You found it on level 7 of the Dungeon)

   Int+2:     It affects your intelligence (+2).
   SInv:      It lets you see invisible.
   Stlth+:    It makes you more stealthy.
Missiles
 d - 3 throwing nets
 v - a javelin (quivered)
Armour
 c - a +0 helmet
 e - a +0 helmet (worn)
 k - a +0 ring mail (worn)
Jewellery
 g - a ring of wizardry
 q - a +6 ring of strength (left grasper)
 r - a ring of fire
Scrolls
 h - 2 scrolls of immolation {unknown}
 l - a scroll of teleportation {unknown}
 o - a scroll of fog {unknown}
 p - 2 scrolls of revelation {unknown}
 s - a scroll of enchant armour {unknown}
 t - a scroll of identify {unknown}
Potions
 b - 2 potions of enlightenment {unknown}
 f - 2 potions of brilliance {unknown}
 i - a potion of haste {unknown}
 j - 2 potions of curing
 m - a potion of resistance {unknown}
 u - a potion of degeneration {unknown}
 w - a potion of might {unknown}


   Skills:
 + Level 4.2 Fighting
 * Level 6.2 Long Blades
 - Level 1.7 Throwing
 + Level 4.3 Dodging
 + Level 1.6 Invocations


You had 6 spell levels left.
You didn't know any spells.
Your spell library contained the following spells:

 Spells                   Type           Power      Damage    Failure   Level
 Freeze                   Ice            0%         1d3       54%         1
 Slow                     Hex            0%         N/A       54%         1
 Confusing Touch          Hex            0%         N/A       89%         3
 Frozen Ramparts          Ice            0%         1d1       89%         3
 Hailstorm                Conj/Ice       0%         3d5       89%         3
 Sigil of Binding         Hex            0%         N/A       89%         3
 Vampiric Draining        Necr           0%         2d6       89%         3


Dungeon Overview and Level Annotations

Branches:
Dungeon (7/15) Zot: 26865  Temple (0/1) D:6

Altars:
Fedhas
Xom
Yredelemnul

Shops:
D:2 *


Innate Abilities, Weirdness & Mutations

You can wield a second weapon in your off-hand.
It takes a long time for you to wield or remove held weapons.
Your first few attacks do less damage.
Your first movements take longer.


Message History

Found a stone staircase leading up.
A wight comes into view.
It is wielding a +4 mace. 3 wights come into view.
A wight is wielding a +1 morningstar of freezing.
There are monsters nearby!
You hit the wight with the +7 whip of Duymn.
The wight is heavily damaged.
You hit the wight but do no damage.
You hit the wight with your +1 short sword of speed.
The wight is heavily damaged.
You hit the wight with the +7 whip of Duymn.
The wight hits you with a +4 mace. The wight barely misses you.
You barely miss the wight with your +1 short sword of speed.
The wight is almost destroyed.
You hit the wight with the +7 whip of Duymn.
The wight hits you with a +4 mace!
You feel drained. The wight closely misses you.
The wight hits you with a +1 morningstar of freezing!
You feel drained. The wight freezes you.
The wight hits you from afar with a +3 trident!
You feel drained.
You are too injured to fight recklessly!
The wight hits you with a +0 long sword!
* * * LOW HITPOINT WARNING * * *
You feel drained.
* * * LOW HITPOINT WARNING * * *
The wight hits you with a +4 mace!
* * * LOW HITPOINT WARNING * * *
The wight barely misses you. The wight attacks as it pursues you!
The wight barely misses you.
There is a stone staircase leading up here.
The wight attacks as it pursues you! The wight hits you with a +4 mace.
* * * LOW HITPOINT WARNING * * *
You feel better.
The wight hits you from afar with a +3 trident.
* * * LOW HITPOINT WARNING * * *
You feel drained.
* * * LOW HITPOINT WARNING * * *
The wight hits you with a +4 mace!
You die...

....... #.# .......
### #.# ...##.. ...
#.# ..#.. . #.... #.#
..#... #.#.. #.#
...#... #.... .....
#.# ......> .....
#.#.# #.# #..##.
#.....#.#.# #.# .#..
#....#@#.# #.# #.#
...# .#....#z#.#.#.#
#.# ..#.
#.....zzz.#.#.# #.#
........#.z.#.# #.#
##......#.###.# #.#
#....#.......# #.#
#.##.###.#...######.##
#. ..................#
. ..........##########


You could see 4 wights.

Vanquished Creatures
  A black bear (D:6)
  A sky beast (D:7)
  A centaur (D:6)
  An ogre (D:6)
  A scorpion (D:4)
  A sleepcap (D:4)
  A scorpion zombie (D:4)
  Robin (D:3)
  3 adders
  2 adder zombies (D:4)
  A dart slug (D:1)
  4 ribbon worms
  An orc (D:4)
  10 bats
  11 endoplasms
  2 giant cockroaches
  11 goblins
  10 hobgoblins
  5 jackals (D:3)
  3 kobolds
  2 quokkas
  5 ball pythons
  5 frilled lizards
  A quokka zombie (D:4)
  A rat (D:1)
85 creatures vanquished.

Notes
Turn   | Place    | Note
-------+----------+-------------------------------------------
     0 | D:1      | Zeldest the Coglin Gladiator began the quest for the Orb.
     0 | D:1      | Reached XP level 1. HP: 16/16 MP: 1/1
    33 | D:1      | Reached XP level 2. HP: 22/22 MP: 2/2
   285 | D:1      | Reached XP level 3. HP: 28/28 MP: 3/3
   499 | D:1      | Found a faded altar of an unknown god.
   743 | D:2      | Reached skill level 4 in Long Blades
   743 | D:2      | Reached XP level 4. HP: 24/34 MP: 4/4
  1035 | D:2      | Found a shimmering altar of Xom.
  1325 | D:2      | Found Wain's General Store.
  1634 | D:3      | Reached XP level 5. HP: 41/41 MP: 5/5
  2121 | D:3      | Noticed Robin
  2156 | D:3      | Killed Robin
  2482 | D:4      | Reached skill level 5 in Long Blades
  2482 | D:4      | Reached XP level 6. HP: 17/47 MP: 6/6
  2743 | D:4      | Became a worshipper of Beogh the Shepherd
  3300 | D:4      | Found a basalt altar of Yredelemnul.
  3474 | D:4      | Found a blossoming altar of Fedhas.
  3474 | D:4      | You fall into a shaft and drop 3 floors!
  3477 | D:7      | Noticed a sky beast
  3479 | D:7      | Identified the +7 whip of Duymn {venom, Int+2 SInv Stlth+}
  3494 | D:7      | Killed a sky beast
  3609 | D:7      | Noticed a water moccasin
  3628 | D:6      | Reached skill level 1 in Invocations
  3628 | D:6      | Reached XP level 7. HP: 48/53 MP: 7/7
  3652 | D:6      | Reached skill level 6 in Long Blades
  3671 | D:6      | Found a staircase to the Ecumenical Temple.
  3749 | D:6      | HP: 2/48 [wight/+4 mace (3)]
  3750 | D:6      | Mangled by a wight

Illustrated notes

Levels and vault maps discovered:
D:1:      wheals_arrival_shading, layout_basic,
          shapermc_ecumenical_altar_mp_ritualfount
D:2:      layout_basic, basic_altar, serial_shops, nicolae_shop_behind_doors
D:3:      layout_loops_corners, kennysheep_generic_room_13, uniq_robin
D:4:      layout_gridville, nicolae_yredelemnul_corpse_copse,
          mainiacjoe_overflow_big_doors, minmay_hedge_maze
D:6:      layout_basic, minmay_temple_entry_mini_moons, eino_tiny_chamber,
          chequers_serial_rivers_micro_b
D:7:      layout_basic

Skill      XL: |  1  2  3  4  5  6  7 |
---------------+----------------------+-----
Dodging        | 3 4 |  4.3
Long Blades    | 4 5 6 |  6.2
Fighting       | 3 4 |  4.2
Invocations    | 1 |  1.6
Throwing       | |  1.7

Action                     |  1- 3 |  4- 6 |  7- 9 || total
---------------------------+-------+-------+-------++-------
  Melee: Long sword        |    64 |   164 |       ||   228
         Short sword       |       |    30 |     7 ||    37
         Whip              |       |     8 |     9 ||    17
  Throw: Javelin           |       |     1 |       ||     1
 Invoke: Convert to Beogh  |       |     1 |       ||     1
    Use: Potion            |       |     1 |     1 ||     2
 Armour: Leather armour    |    39 |     3 |       ||    42
         Ring mail         |       |   103 |    13 ||   116
  Dodge: Dodged            |    46 |   127 |    10 ||   183

Table legend: (Time is in decaauts)
 A = Elapsed time spent in this place.
 B = Non-inter-level travel time spent in this place.
 C = Inter-level travel time spent in this place.
 D = Time resting spent in this place.
 E = Time spent auto-exploring this place.
 F = Levels seen in this place.
 G = Mean time per level.
                   A        B        C        D        E       F      G
               +--------+--------+--------+--------+--------+-----+--------+
         Total |   3955 |   3841 |    114 |    712 |   2448 |   6 |  659.2 |
       Dungeon |   3955 |   3841 |    114 |    712 |   2448 |   6 |  659.2 |
               +--------+--------+--------+--------+--------+-----+--------+

Top non-repeatable levels by time:
     D:4: 1110 daAuts
     D:3: 1030 daAuts
     D:2: 778 daAuts
     D:1: 753 daAuts
     D:7: 150 daAuts
     D:6: 133 daAuts
